 Dungeon Crawl Stone Soup version 0.31-a0-263-ge8cad7f256 (webtiles) character file.

Game seed: 6815605253218953675

38 qw the Shooter (level 3, -1/21 HPs)
             Began as a Gargoyle Hexslinger on July 13, 2023.
             Slain by Terence
             ... wielding a +0 flail
              (5 damage)
             ... on level 2 of the Dungeon.
             The game lasted 00:00:19 (675 turns).

qw the Shooter (Gargoyle Hexslinger)                 Turns: 675, Time: 00:00:20

Health: -1/21      AC:  8    Str: 11    XL:     3   Next: 43%
Magic:  4/4        EV: 10    Int: 13    God:
Gold:   52         SH:  0    Dex: 14    Spells: 3/4 levels left

rFire   . . .        Y - +2 sling
rCold   . . .        (no shield)
rNeg    + . .        d - +0 ring mail
rPois   inf          (no helmet)
rElec   +            (no cloak)
rCorr   .            (no gloves)
SInv    .            (no boots)
Will    .....        (no amulet)
Stlth   +            (no ring)
HPRegen 0.23/turn    (no ring)
MPRegen 0.09/turn

%: no passive effects
@: no status effects
A: sickness immunity, AC +3, negative energy resistance 1, electricity
resistance, torment resistance 1, petrification resistance
a: no special abilities


You were on level 2 of the Dungeon.
You visited 1 branch of the dungeon, and saw 2 of its levels.

You collected 52 gold pieces.


Innate Abilities, Weirdness & Mutations

You are immune to sickness and miasma.
Your stone body is resilient. (AC +3)
You are immune to poison.
You resist negative energy. (rN+)
You are resistant to electric shocks. (rElec)
You are resistant to unholy torment.
You are immune to petrification.


   Skills:
 - Level 2.0 Fighting
 + Level 3.4 Ranged Weapons
 - Level 1.5 Dodging
 - Level 1.0 Spellcasting
 - Level 2.6 Hexes


You had 3 spell levels left.
You knew the following spells:

 Your Spells              Type           Power      Damage    Failure   Level
a - Slow                  Hex            28%        N/A       22%         1

Your spell library contained the following spells:

 Spells                   Type           Power      Damage    Failure   Level
 Inner Flame              Hex/Fire       4%         N/A       75%         3
 Portal Projectile        Hex/Tloc       8%         N/A       75%         3
 Cause Fear               Hex            3%         N/A       92%         4

Inventory:

Hand Weapons
 Y - a +2 sling (weapon)
Armour
 d - a +0 ring mail (worn)
Scrolls
 g - a scroll of enchant armour
Potions
 e - a potion of enlightenment {unknown}

Dungeon Overview and Level Annotations

Branches:
Dungeon (2/15)

Altars:

Annotations:
D:2 Terence


Message History

Found a club.
Terence the Incautious comes into view.
He is wielding a +0 flail.
Terence shouts!
You shoot a sling bullet. The sling bullet barely misses Terence.
A quokka comes into view.
You shoot a sling bullet.
The sling bullet hits Terence but does no damage.
You shoot a sling bullet.
The sling bullet hits Terence but does no damage.
Terence hits you with a +0 flail!
You shoot a sling bullet.
The sling bullet completely misses Terence.
Terence says, "How do you enjoy it?" Terence hits you but does no damage.
You shoot a sling bullet.
The sling bullet hits Terence but does no damage.
Terence hits you but does no damage. x2
You shoot a sling bullet. The sling bullet barely misses Terence.
The quokka barely misses you. The quokka misses you.
Terence hits you with a +0 flail.
You shoot a sling bullet.
The sling bullet hits Terence but does no damage.
The quokka closely misses you. Terence hits you with a +0 flail.
The quokka bites you.
You shoot a sling bullet. The sling bullet hits Terence.
Terence is lightly wounded.
Terence hits you but does no damage. The quokka barely misses you.
Terence closely misses you.
You shoot a sling bullet.
The sling bullet closely misses Terence.
The quokka bites you but does no damage.
Terence hits you with a +0 flail. The quokka bites you.
You shoot a sling bullet.
The sling bullet hits Terence but does no damage.
Terence is lightly wounded.
The quokka bites you but does no damage.
Terence barely misses you.
You shoot a sling bullet. The sling bullet barely misses Terence.
The quokka bites you. Terence hits you with a +0 flail.
You die...

#. ..#
###.###..###
.......... #
##.......# .#
##.#).......# .#.#
........$.. .#.#
#...r@# ##.#.#
#.>@.# ##....#
##...###.....##
.....##..........#
#.##.##.###.....##
. ...####....#
##............#
.)............#
#####.......(..#
....#####..#


You could see Terence and a quokka.

Vanquished Creatures
  An adder (D:2)
  A dart slug (D:1)
  An endoplasm (D:2)
  4 hobgoblins (D:1)
  A quokka (D:1)
  3 ball pythons (D:1)
  5 bats (D:1)
  4 goblins (D:1)
  4 kobolds (D:1)
  4 rats (D:1)
28 creatures vanquished.

Notes
Turn   | Place    | Note
-------+----------+-------------------------------------------
     0 | D:1      | qw the Gargoyle Hexslinger began the quest for the Orb.
     0 | D:1      | Reached XP level 1. HP: 12/12 MP: 2/2
     0 | D:1      | 0 ||| qw: Version: 0.3-a-52-g30416fa
     0 | D:1      | 0 ||| qw: Game counter: 7142
     0 | D:1      | 0 ||| qw: Melee chars always use a shield: true
     0 | D:1      | 0 ||| qw: God list: Okawaru
     0 | D:1      | 0 ||| qw: Allow faded altars: false
     0 | D:1      | 0 ||| qw: Do Orc after clearing Dungeon:15 true
     0 | D:1      | 0 ||| qw: Do second Lair branch before Depths: true
     0 | D:1      | 0 ||| qw: Lair rune preference: random
     0 | D:1      | 0 ||| qw: Goals: Normal
     0 | D:1      | 0 ||| PLANNING D:1-11
   182 | D:1      | Reached XP level 2. HP: 16/16 MP: 3/3
   222 | D:1      | Reached skill level 3 in Ranged Weapons
   554 | D:1      | Reached XP level 3. HP: 21/21 MP: 4/4
   602 | D:1      | 602 ||| UPGRADING to +0 ring mail.
   612 | D:1      | 612 ||| DROPPING +0 robe.
   613 | D:1      | 613 ||| READING scroll labelled HYCWOU NIOT OVOUWN.
   614 | D:1      | 614 ||| READING 2 scrolls labelled HATIFUOSTRA.
   615 | D:1      | 615 ||| DROPPING scroll of poison.
   664 | D:2      | Noticed Terence
   673 | D:2      | HP: 5/21 [quokka (2)]
   675 | D:2      | Slain by Terence

Levels and vault maps discovered:
D:1:      erik_arrival_orb_chamber, layout_basic, minmay_tetromino_s2
D:2:      cheibrodos_fertilizer, layout_loops_ring, uniq_terence

Skill      XL: |  1  2 |
---------------+-------+-----
Ranged Weapons | 3 |  3.4
Fighting       | 2 |  2.0
Dodging        | |  1.5
Spellcasting   | |  1.0
Hexes          | |  2.6

Action                     || total
---------------------------++-------
   Fire: Sling             ||    90
    Use: Scroll            ||     2
 Armour: Robe              ||    20
         Ring mail         ||     6
  Dodge: Dodged            ||    43

Table legend:
 A = Non-vault XP
 B = Vault XP
 C = Vault XP percentage of total XP
 D = Non-vault monster count
 E = Vault monster count
 F = Vault count percentage of total count
                 A         B        C        D         E       F
            +---------+---------+-------+---------+---------+-------
      Total |      52 |       3 |   5.5 |      26 |       2 |   7.1
            +---------+---------+-------+---------+---------+-------
        D:1 |      37 |       3 |   7.5 |      24 |       2 |   7.7
        D:2 |      15 |       0 |   0.0 |       2 |       0 |   0.0
            +---------+---------+-------+---------+---------+-------
